 Dungeon Crawl Stone Soup version 0.27-a0-95-g5a9077b8ae (webtiles) character file.

Game seed: 2721771642328816208

8 knot the Chopper (level 2, 30/36 HPs)
             Began as a Demonspawn Berserker on Jan 19, 2021.
             Was a Follower of Trog.
             Quit the game on level 1 of the Dungeon.
             The game lasted 00:00:58 (698 turns).

knot the Chopper (Demonspawn Berserker)              Turns: 698, Time: 00:00:58

Health: 30/36      AC:  3    Str: 17    XL:     2   Next: 0%
Magic:  2/2        EV: 12    Int:  8    God:    Trog [*.....]
Gold:   12         SH:  0    Dex: 12    Spells: 1/1 levels left

rFire    . . .     SeeInvis .   a - +0 hand axe
rCold    . . .     Faith    .   (no shield)
rNeg     . . .     Spirit   .   b - +0 animal skin
rPois    .         Reflect  .   (no helmet)
rElec    .         Harm     .   (no cloak)
rCorr    .         Rampage  .   (no gloves)
Will     .....                  (no boots)
Stlth    ..........             (no amulet)
HPRegen  0.12/turn              (no ring)
MPRegen  0.08/turn              (no ring)

@: berserking, very quick
A: sharp scales 1
a: Renounce Religion, Berserk


You were on level 1 of the Dungeon.
You worshipped Trog.
Trog was aware of your devotion.
You visited 1 branch of the dungeon, and saw 1 of its levels.

You collected 12 gold pieces.

Inventory:

Hand Weapons
 a - a +0 hand axe (weapon)
Missiles
 g - 14 poisoned darts
 h - 2 stones
Armour
 b - a +0 animal skin (worn)
Jewellery
 e - a +6 ring of strength {unknown}
Scrolls
 d - 3 scrolls of identify {unknown}
 f - a scroll of teleportation {unknown}
Potions
 c - a potion of curing {unknown}


   Skills:
 - Level 3.0 Fighting
 + Level 3.2 Axes
 - Level 1.7 Armour
 - Level 1.7 Dodging


You had one spell level left.
You didn't know any spells.
Your spell library was empty.

Dungeon Overview and Level Annotations

Branches:
Dungeon (1/15)

Altars:


Innate Abilities, Weirdness & Mutations

You are partially covered in razor-sharp scales. (AC +1, Slay +1)


Message History

The jackal bites you.
A red film seems to cover your vision as you go berserk!
You feel yourself moving faster!
You feel mighty! The jackal barely misses you.
The jackal bites you but does no damage.
The jackal misses you. The jackal bites you.
You barely miss the jackal.
The jackal is moderately wounded.
You hit the jackal. The jackal closely misses you. The jackal misses you.
You closely miss the jackal.
The jackal is moderately wounded.
You hit the jackal but do no damage. The jackal barely misses you.
The jackal misses you.
You slash the jackal!
You kill the jackal!
Trog accepts your kill.
You hit the jackal. The jackal barely misses you.
You have reached level 2!
Your demonic ancestry asserts itself...
Sharp scales grow over part of your body.
Are you sure you want to abandon this character and quit the game? (Confirm with "yes".)

#.........#
#.........#
#.........#
#.........#
###'#######
.######.#####
)..........>####
###.....#......#
+..hh@#......#
#...K##..)...#
#...h #......#
#.# #....
#......# #.#
#..$. #......+
#.# #....
#......# #.#
#.... #......#
#.## #....
######## ...# #.


You could see 3 jackals and a kobold.

Vanquished Creatures
  A bat (D:1)
  2 goblins (D:1)
  A hobgoblin (D:1)
  A jackal (D:1)
  A kobold (D:1)
  A rat (D:1)
7 creatures vanquished.

Notes
Turn   | Place    | Note
-------+----------+-------------------------------------------
     0 | D:1      | knot the Demonspawn Berserker began the quest for the Orb.
     0 | D:1      | Reached XP level 1. HP: 18/18 MP: 1/1
   698 | D:1      | Gained mutation: You are partially covered in razor-sharp
                  | scales. (AC +1, Slay +1) [demonic ancestry]
   698 | D:1      | Reached XP level 2. HP: 24/24 MP: 2/2
   698 | D:1      | Quit the game

Illustrated notes

Levels and vault maps discovered:
D:1:      wheals_arrival_shading, layout_basic

Skill      XL: |  1 |
---------------+----+-----
Axes           | 3 |  3.2
Fighting       | |  3.0
Armour         | |  1.7
Dodging        | |  1.7

Action                   || total
-------------------------++-------
Melee: Hand axe          ||    28
Invok: Berserk           ||     2
Armor: Animal skin       ||    12
Dodge: Dodged            ||    31

Table legend: (Time is in decaauts)
 A = Elapsed time spent in this place.
 B = Non-inter-level travel time spent in this place.
 C = Inter-level travel time spent in this place.
 D = Time resting spent in this place.
 E = Time spent auto-exploring this place.
 F = Levels seen in this place.
 G = Mean time per level.
                   A        B        C        D        E       F      G
               +--------+--------+--------+--------+--------+-----+--------+
         Total |    710 |    710 |      0 |    156 |    480 |   1 |  710.0 |
       Dungeon |    710 |    710 |      0 |    156 |    480 |   1 |  710.0 |
               +--------+--------+--------+--------+--------+-----+--------+

Top non-repeatable levels by time:
     D:1: 710 daAuts
